 Dungeon Crawl Stone Soup version 0.31.0-11-ge490571c62 (webtiles) character file.

Game seed: 336251593349256467

13328 Ashen the Covert (level 11, -2/56 HPs)
             Began as a Spriggan Enchanter on Feb 3, 2024.
             Was a Follower of Uskayaw.
             Slain by a large slime creature (29 damage)
             ... on level 11 of the Dungeon.
             The game lasted 00:35:28 (11684 turns).

Ashen the Covert (Spriggan Enchanter)              Turns: 11684, Time: 00:35:28

Health: -2/56      AC:  4    Str:  7    XL:     11   Next: 74%
Magic:  6/19       EV: 24    Int: 21    God:    Uskayaw [*.....]
Gold:   106        SH:  0    Dex: 23    Spells: 9/20 levels left

rFire   . . .        O - +2 dagger (venom)
rCold   . . .        (no shield)
rNeg    . . .        G - +0 troll leather armour
rPois   .            b - +1 hat of Dithmenos, Sheltering {Str+3 Int+4 Dex+3}
rElec   .            (no cloak)
rCorr   .            (gloves unavailable)
SInv    +            (boots unavailable)
Will    +....        w - amulet of the acrobat
Stlth   +++++        (no ring)
HPRegen 1.09/turn    (no ring)
MPRegen 0.16/turn

%: acrobat
@: very quick
A: very small, no large weapons, unfitting armour, see invisible, speed 3
a: Renounce Religion, Stomp


You were on level 11 of the Dungeon.
You worshipped Uskayaw.
Uskayaw was noncommittal.
You visited 2 branches of the dungeon, and saw 12 of its levels.

You collected 529 gold pieces.
You spent 423 gold pieces at shops.

Inventory:

Hand Weapons
 a - a +1 dagger
 s - a +0 short sword of electrocution
 O - a +2 dagger of venom (weapon)
Missiles
 i - 10 throwing nets (quivered)
 u - 51 poisoned darts
Armour
 b - the +1 hat of Dithmenos, Sheltering (worn) {Str+3 Int+4 Dex+3}
   (You found it on level 7 of the Dungeon)

   Str+3:     It affects your strength (+3).
   Int+4:     It affects your intelligence (+4).
   Dex+3:     It affects your dexterity (+3).
 d - a +1 robe of resistance
 F - a +0 buckler
 G - a +0 troll leather armour (worn)
Jewellery
 w - an amulet of the acrobat (around neck)
 y - a ring of willpower
 P - a +4 ring of protection
Wands
 r - a wand of digging (2)
 z - a wand of flame (34)
 C - a wand of acid (4)
 R - a wand of roots (4)
Scrolls
 e - 3 scrolls of vulnerability {unknown}
 g - 3 scrolls of fog
 h - 2 scrolls of blinking {unknown}
 k - 2 scrolls of enchant weapon {unknown}
 p - 2 scrolls of torment {unknown}
 q - a scroll of noise {unknown}
 v - a scroll of revelation {unknown}
 x - 3 scrolls of teleportation
 B - a scroll of poison {unknown}
 I - 2 scrolls of immolation {unknown}
 M - a scroll of fear {unknown}
 Q - a scroll of identify
Potions
 c - 2 potions of invisibility
 f - a potion of attraction
 j - 3 potions of degeneration
 l - 5 potions of curing
 m - a potion of lignification
 n - 3 potions of enlightenment
 o - 4 potions of heal wounds
 t - a potion of mutation
 A - 3 potions of might
 D - a potion of berserk rage
 J - a potion of cancellation
 K - a potion of resistance
 L - 2 potions of brilliance
 N - a potion of haste {unknown}
Miscellaneous
 E - a lightning rod (4/4)
 H - a condenser vane


   Skills:
 + Level 5.7 Fighting
 + Level 7.7 Short Blades
 + Level 1.8 Throwing
 + Level 9.5 Dodging
 - Level 10.0 Stealth
 - Level 5.0 Spellcasting
 + Level 4.6 Conjurations
 + Level 9.1 Hexes
 - Level 5.0 Ice Magic
 + Level 6.5 Invocations


You had 9 spell levels left.
You knew the following spells:

 Your Spells              Type           Power      Damage    Failure   Level
a - Ensorcelled Hibernat  Hex/Ice        68%        N/A       1%          2
b - Confusing Touch       Hex            43%        N/A       1%          3
c - Tukima's Dance        Hex            43%        N/A       1%          3
d - Dazzling Flash        Conj/Hex       68%        N/A       3%          3

Your spell library contained the following spells:

 Spells                   Type           Power      Damage    Failure   Level
 Sigil of Binding         Hex            43%        N/A       1%          3
 Shock                    Conj/Air       56%        1d6       6%          1
 Anguish                  Hex/Necr       12%        N/A       26%         4
 Dimensional Bullseye     Hex/Tloc       12%        N/A       26%         4
 Call Canine Familiar     Summ           5%         N/A       43%         3
 Fugue of the Fallen      Necr           5%         N/A       43%         3
 Swiftness                Air            5%         N/A       43%         3
 Silence                  Hex/Air        12%        N/A       56%         5
 Airstrike                Air            2%         2d(1-17)  85%         4
 Animate Armour           Summ/Erth      10%        N/A       85%         4
 Passage of Golubria      Tloc           5%         N/A       85%         4
 Summon Lightning Spire   Summ/Air       5%         N/A       85%         4
 Lee's Rapid Deconstruct  Erth           2%         3d5*      99%         5
 Haunt                    Necr/Summ      2%         N/A       100%        7
 Borgnjor's Revivificati  Necr           2%         N/A       100%        8
 Lehudib's Crystal Spear  Conj/Erth      7%         10d3      100%        8
 Death's Door             Necr           2%         N/A       100%        9


Dungeon Overview and Level Annotations

Branches:
Dungeon (11/15)            Temple (1/1) D:4
   Lair: D:8-11         Orc: D:9-12

Altars:
Ashenzari
Cheibriados
Dithmenos
Elyvilon
Fedhas
Gozag
Hepliaklqana
Kikubaaqudgha
Makhleb
Nemelex Xobeh
Okawaru
Qazlal
Sif Muna
Trog
Uskayaw
Vehumet
Wu Jian
Xom
Yredelemnul
Zin
The Shining One

Shops:
D:2 !   D:10 ***!


Innate Abilities, Weirdness & Mutations

You are very small and have problems with some larger weapons.
You are too small for most types of armour.
You have supernaturally acute eyesight. (SInv)
You cover ground extremely quickly. (Speed+++)


Message History

You hit the slime creature.
The slime creature is lightly wounded.
The slime creature hits you!
Casting: Ensorcelled Hibernation (safe; 1% risk of failure)
Confirm with . or Enter, or press ? or * to list all spells.
Aiming: Ensorcelled Hibernation (safe; 1% risk of failure)
Press: ? - help, Shift-Dir - straight line, f/p - slime creature
Aim: a slime creature (chance to affect: 45%)
The slime creature resists with some effort.
The slime creature closely misses you.
The large slime creature completely misses you.
Casting: Ensorcelled Hibernation (safe; 1% risk of failure)
Confirm with . or Enter, or press ? or * to list all spells.
Aiming: Ensorcelled Hibernation (safe; 1% risk of failure)
Press: ? - help, Shift-Dir - straight line, f - large slime creature, p - slime creature
Aim: a large slime creature (chance to affect: 45%)
The large slime creature resists with some effort.
The slime creature barely misses you. The large slime creature misses you.
Casting: Ensorcelled Hibernation (safe; 1% risk of failure)
Confirm with . or Enter, or press ? or * to list all spells.
Aiming: Ensorcelled Hibernation (safe; 1% risk of failure)
Press: ? - help, Shift-Dir - straight line, f/p - large slime creature
Aim: a large slime creature (chance to affect: 45%)
The large slime creature looks drowsy...
The slime creature hits you!!
The helpless large slime creature fails to defend itself.
You spit the large slime creature like a pig!!!!
You punch the large slime creature, but do no damage.
The large slime creature is almost dead.
You hit the large slime creature.
The large slime creature is almost dead.
The slime creature closely misses you.
The large slime creature completely misses you.
You barely miss the large slime creature.
The large slime creature is almost dead.
You hit the large slime creature.
The large slime creature is almost dead.
The slime creature misses you. The large slime creature hits you!!
Ouch! That really hurt!
You die...

#.############.###############
........................(....#
..############.#..######.##.##
###### ######### ####.#
###..### #.#.## ## #.#
.###.#.#####.#.# #..# #.#
..††...#.#....#####..J ##.#
..........#...#.#J.# #..#
#.#.#...........@J# #..#
####.##.....#......# #..#
..###....#....##..# #..# ###
##.##...#......$# #..#
####.###.####### #..#
###################### #..#
#.........#......)...# #..#
#....###).#...<..)...# #..#
..............>#.[#..# #..#


You could see a large slime creature and 2 slime creatures.

Vanquished Creatures
  A boulder beetle (D:11)
  2 two-headed ogres
  Pikel (D:6)
  2 ugly things (D:8)
  3 kobold demonologists
  2 komodo dragons (D:11)
  2 trolls
  A hornet (D:10)
  Prince Ribbit (D:9)
  A spriggan (D:7)
  2 shadows
  5 yaks
  Sigmund (D:4)
  3 wyverns
  A steam dragon (D:7)
  A water moccasin (D:8)
  3 acid dragons (D:11)
  2 black bears
  3 orc warriors
  An ice beast (D:6)
  4 ogres
  4 centaurs
  2 lemures (D:6)
  2 phantoms
  7 kobold brigands
  4 scorpions
  5 bullfrogs
  5 gnoll sergeants
  3 necrophages (D:4)
  11 wights
  15 killer bees
  2 howler monkeys
  3 bombardier beetles
  A centaur zombie (D:4)
  8 hounds
  2 jellies
  7 orc priests
  A human zombie (D:4)
  3 gnoll boudas
  Jessica (D:2)
  7 orc wizards
  A sleepcap (D:5)
  Natasha (D:2)
  Terence (D:3)
  2 iguanas
  A hound skeleton (D:4)
  28 gnolls
  12 adders
  3 shadow imps (D:4)
  2 white imps
  4 ufetubi
  2 adder zombies (D:4)
  An adder skeleton (D:4)
  A ribbon worm (D:4)
  4 dart slugs
  26 orcs
  7 ball pythons
  7 endoplasms
  5 giant cockroaches
  4 goblins
  7 hobgoblins
  A jackal (D:10)
  39 kobolds
  3 quokkas
  4 bats
  7 frilled lizards
  4 rats
312 creatures vanquished.

Vanquished Creatures (collateral kills)
  An orc (D:4)
  A hobgoblin (D:4)
2 creatures vanquished.

Vanquished Creatures (others)
  2 dancing weapons
2 creatures vanquished.

Grand Total: 316 creatures vanquished

Notes
Turn   | Place    | Note
-------+----------+-------------------------------------------
     0 | D:1      | Ashen the Spriggan Enchanter began the quest for the Orb.
     0 | D:1      | Reached XP level 1. HP: 9/9 MP: 5/5
   246 | D:1      | Reached XP level 2. HP: 12/13 MP: 6/6
   420 | D:1      | Learned a level 2 spell: Ensorcelled Hibernation
   919 | D:2      | Reached XP level 3. HP: 17/17 MP: 8/8
   949 | D:2      | Reached skill level 1 in Fighting
  1005 | D:2      | Reached XP level 4. HP: 20/22 MP: 6/9
  1034 | D:2      | Found an ornate altar of the Wu Jian Council.
  1128 | D:2      | Found Vyegalo's Distillery.
  1135 | D:2      | Bought a potion of heal wounds for 55 gold pieces
  1177 | D:2      | Reached skill level 5 in Stealth
  1323 | D:2      | Noticed Natasha
  1328 | D:2      | Killed Natasha
  1367 | D:2      | Noticed Jessica
  1374 | D:2      | Killed Jessica
  1375 | D:2      | Reached skill level 1 in Invocations
  1375 | D:2      | Reached XP level 5. HP: 25/25 MP: 11/11
  1777 | D:3      | Learned a level 3 spell: Confusing Touch
  1781 | D:3      | Learned a level 3 spell: Tukima's Dance
  1785 | D:3      | Learned a level 3 spell: Dazzling Flash
  2505 | D:3      | Noticed Terence
  2512 | D:3      | Killed Terence
  2513 | D:3      | Reached XP level 6. HP: 29/30 MP: 5/12
  2850 | D:4      | Found a stormy altar of Qazlal.
  3345 | D:4      | Reached skill level 6 in Stealth
  3345 | D:4      | Reached skill level 5 in Hexes
  3345 | D:4      | Reached XP level 7. HP: 23/35 MP: 9/14
  3414 | D:4      | Found a staircase to the Ecumenical Temple.
  3430 | Temple   | Entered the Ecumenical Temple
  3446 | Temple   | Became a worshipper of Uskayaw the Reveller
  3531 | D:4      | Reached * piety under Uskayaw
  3537 | D:4      | Reached ** piety under Uskayaw
  3700 | D:4      | Reached skill level 1 in Ice Magic
  3726 | D:4      | Noticed Sigmund
  3783 | D:4      | Killed Sigmund
  3784 | D:4      | Reached skill level 1 in Conjurations
  3906 | D:4      | Reached skill level 5 in Dodging
  3924 | D:4      | Reached XP level 8. HP: 32/39 MP: 11/15
  4004 | D:4      | Found an ancient bone altar of Kikubaaqudgha.
  4030 | D:4      | Reached *** piety under Uskayaw
  4032 | D:4      | Reached **** piety under Uskayaw
  4184 | D:4      | Found a burning altar of Makhleb.
  4184 | D:4      | Noticed a blizzard demon
  4299 | D:5      | Entered Level 5 of the Dungeon
  4457 | D:5      | Reached skill level 7 in Stealth
  4728 | D:5      | Reached skill level 5 in Spellcasting
  6099 | D:6      | Noticed Pikel
  6278 | D:6      | Killed Pikel
  6279 | D:6      | Reached skill level 8 in Stealth
  6279 | D:6      | Reached XP level 9. HP: 44/44 MP: 11/17
  6349 | D:6      | Reached skill level 5 in Short Blades
  7040 | D:7      | Identified the +1 hat of Dithmenos, Sheltering {Str+3 Int+4
                  | Dex+3}
  7483 | D:7      | Found an opulent altar of Gozag.
  7483 | D:7      | Found a white marble altar of Elyvilon.
  7483 | D:7      | Found a shimmering blue altar of Sif Muna.
  7681 | D:7      | Reached skill level 9 in Stealth
  7867 | D:8      | Found a large runed translucent door.
  7868 | D:8      | Found a large runed translucent door.
  7871 | D:8      | Noticed a troll
  7873 | D:8      | Noticed a brown ugly thing
  7970 | D:8      | Found a large runed translucent door.
  7970 | D:8      | Found a large runed translucent door.
  8054 | D:8      | Noticed a two-headed ogre
  8058 | D:8      | Killed a two-headed ogre
  8059 | D:8      | Reached XP level 10. HP: 50/50 MP: 18/18
  8391 | D:8      | Identified the +5 hand axe "Yghaocha" {speed, ^Drain rPois
                  | rF+ Dex+2}
  8431 | D:8      | Reached skill level 5 in Invocations
  8470 | D:8      | Noticed a red ugly thing
  8476 | D:8      | Killed a red ugly thing
  8557 | D:8      | Killed a brown ugly thing
  8558 | D:8      | Reached skill level 10 in Stealth
  9267 | D:9      | Noticed Prince Ribbit
  9291 | D:9      | Killed Prince Ribbit
  9292 | D:9      | Reached skill level 5 in Fighting
  9500 | D:9      | Reached XP level 11. HP: 55/55 MP: 19/19
  9665 | D:10     | Entered Level 10 of the Dungeon
 10054 | D:10     | Found a basalt altar of Yredelemnul.
 10154 | D:10     | Found Jeas Wiag's General Store.
 10162 | D:10     | Bought a scroll of identify for 28 gold pieces
 10235 | D:10     | Noticed a two-headed ogre
 10244 | D:10     | Killed a two-headed ogre
 10339 | D:10     | Found a glowing golden altar of the Shining One.
 10402 | D:10     | Reached ***** piety under Uskayaw
 10534 | D:10     | Found Jyzerch's Distillery.
 10541 | D:10     | Bought a potion of heal wounds for 65 gold pieces
 10541 | D:10     | Bought a potion of resistance for 130 gold pieces
 10541 | D:10     | Bought a potion of heal wounds for 65 gold pieces
 10541 | D:10     | Bought a potion of brilliance for 52 gold pieces
 10606 | D:10     | Found Couggoru's General Store.
 10610 | D:10     | Found Ixugrul's Specific Store.
 10618 | D:10     | Bought a scroll of identify for 28 gold pieces
 11135 | D:11     | Identified the +10 trident of the Messenger {venom, *Noise
                  | rN+++ Int-3 Dex+7}
 11161 | D:11     | Noticed a boulder beetle
 11201 | D:11     | Killed a boulder beetle
 11207 | D:11     | Reached skill level 1 in Throwing
 11376 | D:11     | Noticed a sun demon
 11567 | D:11     | Reached skill level 5 in Ice Magic
 11684 | D:11     | Slain by a large slime creature

Illustrated notes

Levels and vault maps discovered:
D:1:      reono_arrival_forest_river, layout_basic, moated_statue,
          minmay_misc_feat_secret_circle, kennysheep_small_spiral,
          minmay_hexomino_c4
D:2:      layout_basic, serial_shops, nicolae_shop_rolling_square, basic_altar,
          eino_curves_03, uniq_jessica, uniq_natasha
D:3:      layout_basic, hangedman_abyss_or_decor_stabs, uniq_terence
D:4:      layout_loops_ring, lemuel_mausoleum_altar_kikubaaqudgha,
          mainiacjoe_overflow_brackets, makhleb_altar_promises_db,
          minmay_temple_entry_large_hall, sigmund_army
D:5:      layout_layer_cave, uniq_sigmund
D:6:      layout_basic, nicolae_fountain_basement, uniq_pikel
D:7:      layout_loops_ring, gammafunk_temple_overflow_forgotten, the_hattery
D:8:      layout_rooms, nicolae_overflow_hidden_temple,
          minmay_hollow_rounded_squares
D:9:      layout_loops_ring, minmay_misc_feat_tiny, glass_columns_a,
          uniq_prince_ribbit1
D:10:     layout_cave_pools, mainiacjoe_overflow_alcove_2, lemuel_round_altar,
          serial_gnoll_camp, gnoll_camp_medium_02, gnoll_camp_mini_hut,
          gnoll_camp_mini_shop, gnoll_camp_mini_loothouse, serial_shops, shop,
          nicolae_specific_store
D:11:     layout_basic, erik_lair_dragon, minivault_12
Temple:   nicolae_temple_god_jail

Skill      XL: |  1  2  3  4  5  6  7  8  9 10 11 |
---------------+----------------------------------+-----
Dodging        | 3 4 5 6 7 8 9 |  9.5
Spellcasting   | 3 4 5 |  5.0
Hexes          | 4 5 6 7 8 9 |  9.1
Fighting       | 1 2 3 4 5 |  5.7
Stealth        | 5 6 8 9 10 | 10.0
Short Blades   | 2 3 4 5 6 7 |  7.7
Invocations    | 1 2 3 4 5 6 |  6.5
Ice Magic      | 1 2 3 4 5 |  5.0
Conjurations   | 1 2 3 4 |  4.6
Throwing       | 1 |  1.8

Action                     |  1- 3 |  4- 6 |  7- 9 | 10-12 || total
---------------------------+-------+-------+-------+-------++-------
  Melee: Dagger            |   111 |   138 |   297 |   349 ||   895
         Punch             |     2 |     1 |     2 |     5 ||    10
  Throw: Throwing net      |       |       |       |     1 ||     1
   Cast: Ensorcelled Hiber |     4 |    51 |    65 |    52 ||   172
         Confusing Touch   |       |     1 |    18 |    22 ||    41
         Tukima's Dance    |       |       |     7 |     1 ||     8
         Dazzling Flash    |       |       |     2 |    21 ||    23
  Evoke: Condenser vane    |       |       |       |     1 ||     1
    Use: Scroll            |       |       |       |    11 ||    11
   Stab: Sleeping          |     4 |    46 |    64 |    41 ||   155
         Confused          |       |     1 |    18 |    23 ||    42
         Distracted        |       |     1 |     2 |       ||     3
         Paralysed         |       |       |     7 |    16 ||    23
         Invisible         |       |       |     2 |    21 ||    23
         Held in net/web   |       |       |       |     1 ||     1
 Armour: Robe              |    35 |    38 |    59 |     5 ||   137
         Troll leather arm |       |       |       |    84 ||    84
  Dodge: Dodged            |    98 |    79 |   210 |   392 ||   779
